 Dungeon Crawl Stone Soup version 0.21-a0-584-g185da8e (webtiles) character file.

163 vishdafish the Poker (level 5, -5/38 HPs)
             Began as a Demonspawn Skald on Dec 21, 2017.
             Slain by a killer bee (6 damage)
             ... on level 7 of the Dungeon.
             The game lasted 00:04:29 (3523 turns).

vishdafish the Poker (Demonspawn Skald)             Turns: 3523, Time: 00:04:29

Health: -5/38      AC:  3    Str: 16    XL:     5   Next: 20%
Magic:  6/8        EV: 12    Int: 21    God:
Gold:   73         SH:  0    Dex: 12    Spells: 8/9 levels left

rFire    . . .     SeeInvis .   a - +0 spear
rCold    . . .     Gourm    .   (no shield)
rNeg     . . .     Faith    .   b - +0 leather armour
rPois    .         Spirit   .   (helmet restricted)
rElec    .         Reflect  .   (no cloak)
rCorr    .         Harm     .   (no gloves)
MR       .....                  (no boots)
Stlth    ..........             (no amulet)
HPRegen  0.12/turn              m - ring of loudness (curse)
MPRegen  0.11/turn              (no ring)

@: mighty, brilliant, lethally poisoned (-5 -> -17)
A: antennae 2
a: no special abilities


You were on level 7 of the Dungeon.
You were hungry.

You visited 1 branch of the dungeon, and saw 5 of its levels.

You collected 73 gold pieces.

Inventory:

Hand Weapons
 a - a +0 spear (weapon)
Armour
 b - a +0 leather armour (worn)
Jewellery
 m - a cursed ring of loudness (left hand)
Scrolls
 e - 4 scrolls of identify {unknown}
 f - 3 scrolls of remove curse {unknown}
 g - 2 scrolls of blinking {unknown}
 k - a scroll of magic mapping {unknown}
 n - a scroll of fear {unknown}
 o - a scroll of amnesia {unknown}
Books
 c - a book of Battle

   Spells                             Type                      Level
   a - Infusion                       Charms                       1
   b - Shroud of Golubria             Charms/Translocation         2
   c - Song of Slaying                Charms                       2
   d - Spectral Weapon                Hexes/Charms                 3
   e - Regeneration                   Charms/Necromancy            3
Comestibles
 d - 3 rations


   Skills:
 - Level 2.0 Fighting
 * Level 3.5 Polearms
 - Level 1.6 Armour
 + Level 2.7 Dodging
 + Level 2.5 Spellcasting
 - Level 3.1 Charms


You had 8 spell levels left.
You knew the following spells:

 Your Spells              Type           Power        Failure   Level  Hunger
a - Infusion              Chrm           ####         1%          1    None


Dungeon Overview and Level Annotations

Branches:
Dungeon (4/15)
 Temple: D:4-7

Altars:
Ashenzari
Ru
Sif Muna
Trog


Innate Abilities, Weirdness & Mutations

You have a pair of antennae on your head.


Message History

You are more poisoned.
The killer bee poisons you! The killer bee barely misses you.
You miss the killer bee.
The killer bee is almost dead.
The killer bee stings you! The killer bee stings you.
You are more poisoned.
The killer bee poisons you!
You barely miss the killer bee.
The killer bee is severely wounded.
You feel sick. The killer bee closely misses you. The killer bee stings you!
* * * LOW HITPOINT WARNING * * *
It was a potion of brilliance.
You feel clever all of a sudden.
* * * LOW HITPOINT WARNING * * *
You feel sick. The killer bee barely misses you. The killer bee stings you.
* * * LOW HITPOINT WARNING * * *
You are no longer magically infusing your attacks.
* * * LOW HITPOINT WARNING * * *
You feel sick. The killer bee stings you.
You die...

###.####.#..#
#
............#
#.
#...###.##.##
##.# ..
#.####
....... #.#
...#.####.#
.....{...#
.#.#.#.###..#
.......yy@..#
.#.#.#.###.##
#. #.# #. #.#
#. #.# #= #.#
#. #.# #. ..


You could see 2 killer bees.

Vanquished Creatures
  An ogre (D:3)
  An orc wizard (D:2)
  An adder (D:3)
  An adder skeleton (D:3)
  2 worms (D:3)
  A leopard gecko (D:1)
  An orc (D:3)
  4 bats
  4 giant cockroaches
  4 goblins
  3 hobgoblins
  4 jackals
  A quokka (D:2)
  4 frilled lizards
  3 kobolds
  3 rats
38 creatures vanquished.

Notes
Turn   | Place    | Note
-------+----------+-------------------------------------------
     0 | D:1      | vishdafish the Demonspawn Skald began the quest for the Orb.
     0 | D:1      | Reached XP level 1. HP: 16/16 MP: 3/3
    72 | D:1      | Reached skill level 1 in Armour
   556 | D:1      | Gained mutation: You have a pair of small antennae on your head. [demonic ancestry]
   556 | D:1      | Reached XP level 2. HP: 22/22 MP: 5/5
   984 | D:2      | Found a shattered altar of Ashenzari.
  1077 | D:2      | Found a sacrificial altar of Ru.
  1098 | D:2      | Reached XP level 3. HP: 20/27 MP: 6/6
  2013 | D:2      | Found a deep blue altar of Sif Muna.
  2563 | D:3      | Noticed an ogre
  2590 | D:3      | Killed an ogre
  2590 | D:3      | Reached XP level 4. HP: 9/33 MP: 4/7
  2590 | D:3      | Gained mutation: You have a pair of antennae on your head. [demonic ancestry]
  2590 | D:3      | Reached XP level 5. HP: 10/38 MP: 4/8
  2871 | D:3      | Found a bloodstained altar of Trog.
  3458 | D:4      | You fall through a shaft for 3 floors!
  3523 | D:7      | HP: 1/38 [poisoned by a killer bee]
  3523 | D:7      | Slain by a killer bee

Vault maps used:
D:1:      nicolae_arrival_somewhat_less_tricky_arrival
D:2:      nicolae_ru_great_annihilating_truth, lemuel_blue_sif_altar,
          ashenzari_altar_1
D:3:      lemuel_coloured_pillars_altar, first_ration, serial_bayou,
          serial_bayou_crossing, serial_bayou_pond_c, serial_bayou_ford_a,
          serial_bayou_pond_c, serial_bayou_shore_b
D:4:      minmay_misc_feat_room, uniq_blork_the_orc, uniq_pikel, uniq_ijyb
D:7:      old_standard_altar

Skill      XL: |  1  2  3 |
---------------+----------+-----
Armour         | 1 |  1.6
Polearms       | 2 3 |  3.5
Dodging        | 2 |  2.7
Charms         | 3 |  3.1
Fighting       | |  2.0
Spellcasting   | |  2.5

Action                   |  1- 3 |  4- 6 || total
-------------------------+-------+-------++-------
Melee: Spear             |   147 |    43 ||   190
 Cast: Infusion          |     5 |     3 ||     8
  Use: Potion            |     2 |     3 ||     5
 Stab: Sleeping          |     1 |       ||     1
       Paralysed         |     5 |       ||     5
  Eat: Ration            |     1 |     1 ||     2
       Chunk             |     1 |       ||     1
Armor: Leather armour    |    17 |     6 ||    23
Dodge: Dodged            |    61 |    28 ||    89

Table legend:
 A = Spawn XP
 B = Non-spawn XP
 C = Spawn XP percentage of total XP
 D = Spawn monster count
 E = Non-spawn monster count
 F = Spawn count percentage of total count
 G = Total turns spent on level
                    A         B        C        D         E        F      G
               +---------+---------+-------+---------+---------+-------+---------
         Total |       0 |     233 |   0.0 |       0 |      38 |   0.0 |  3523
               +---------+---------+-------+---------+---------+-------+---------
           D:1 |       0 |      22 |   0.0 |       0 |      12 |   0.0 |   780
           D:2 |       0 |      58 |   0.0 |       0 |      12 |   0.0 |  1560
           D:3 |       0 |     153 |   0.0 |       0 |      14 |   0.0 |  1116
               +---------+---------+-------+---------+---------+-------+---------
